TOP OF THE 1ST |
Madawaska Valley HS Wolves batting - Pitching for Oliver Ames HS Tigers : LHP Emílio Jiménez
|
Pitching: LHP Emílio Jiménez
|
|
Batting: LHB Bob Campbell
|
0-0: Called Strike 0-1: SINGLE (Line Drive, 7LS)
|
Batting: RHB Leo Snyder
|
0-0: Ball 1-0: Called Strike 1-1: Foul Ball, location: 2F 1-2: Hit by Pitch Bob Campbell to second
|
Batting: SHB Artie Adams
|
0-0: Ball 1-0: Swinging Strike 1-1: SINGLE (Groundball, 34) Bob Campbell to third Leo Snyder to second
|
Batting: SHB Steve Miner
|
0-0: Foul Ball, location: 2F 0-1: Ball 1-1: Ball 2-1: Ball 3-1: Foul Ball, location: 2F 3-2: Base on Balls Bob Campbell scores Leo Snyder to third Artie Adams to second
|
Batting: RHB Adam Carpenter
|
0-0: Called Strike 0-1: Foul Ball, location: 2F 0-2: Ball 1-2: Foul Ball, location: 2F 1-2: Hit by Pitch Leo Snyder scores Artie Adams to third Steve Miner to second
|
Batting: LHB Marv Gardner
|
0-0: Fly out, F4 (Popup, 4D)
|
Batting: RHB Enrique Navarro
|
0-0: Called Strike 0-1: Ball 1-1: Swinging Strike 1-2: Ball 2-2: Ball 3-2: Strikes out looking
|
Batting: RHB David Simmons
|
0-0: Foul Ball, location: 2F 0-1: DOUBLE (Flyball, 8LM) Artie Adams scores Steve Miner scores Adam Carpenter to third Runner from 3rd tries for Home, SAFE, no throw or cutoff
|
Batting: RHB Weldon Lott
|
0-0: Ball 1-0: Foul Ball, location: 2F Single, Error in OF, E8, batter to second base David Simmons scores
|
Batting: LHB Bob Campbell
|
0-0: Swinging Strike 0-1: Ball 1-1: Ball 2-1: Ball 3-1: Base on Balls
|
Batting: RHB Leo Snyder
|
0-0: Fly out, F8 (Flyball, 8LM)
|
Top of the 1st over - 6 run(s), 4 hit(s), 1 error(s), 2 left on base; Madawaska Valley HS 6 - Oliver Ames HS 0 |
BOTTOM OF THE 1ST |
Oliver Ames HS Tigers batting - Pitching for Madawaska Valley HS Wolves : RHP Vincente León
|
Pitching: RHP Vincente León
|
|
Batting: RHB Quentin Underwood
|
0-0: Ball 1-0: Called Strike 1-1: Ball 2-1: SINGLE (Groundball, 6MD)
|
Batting: RHB Earl Frank
|
0-0: Ball 1-0: Ball 2-0: Called Strike 2-1: Foul Ball, location: 2F 2-2: Ball 3-2: Foul Ball, location: 2F 3-2: Base on Balls Quentin Underwood to second
|
Batting: SHB Chris Barrett
|
0-0: Called Strike 0-1: Swinging Strike 0-2: Ball 1-2: Ball 2-2: Strikes out swinging
|
Batting: SHB David Castaneda
|
0-0: Ground out 3-1 (Groundball, 34) Quentin Underwood to third Earl Frank to second
|
Batting: RHB River Hall
|
0-0: Ball 1-0: Called Strike 1-1: SINGLE (Line Drive, 5) Quentin Underwood scores Earl Frank to third
|
Batting: LHB Tracy Becker
|
0-0: Ball 1-0: Called Strike 1-1: SINGLE (Line Drive, 4MD) Earl Frank scores River Hall to second
|
Batting: LHB Jason King
|
0-0: Called Strike 0-1: Ball 1-1: Foul Ball, location: 2F 1-2: Fielders Choice at 2nd, U6 (Groundball, 6M)
|
Bottom of the 1st over - 2 run(s), 3 hit(s), 0 error(s), 2 left on base; Madawaska Valley HS 6 - Oliver Ames HS 2 |
TOP OF THE 2ND |
Madawaska Valley HS Wolves batting - Pitching for Oliver Ames HS Tigers : LHP Emílio Jiménez
|
Batting: SHB Artie Adams
|
0-0: Ball 1-0: Foul Ball, location: 2F 1-1: Ground out 6-3 (Groundball, 6)
|
Batting: SHB Steve Miner
|
0-0: Swinging Strike 0-1: Swinging Strike 0-2: Foul Ball, location: 2F 0-2: Ball 1-2: Ball 2-2: Strikes out looking
|
Batting: RHB Adam Carpenter
|
0-0: Swinging Strike 0-1: Foul Ball, location: 2F 0-2: Foul Ball, location: 2F 0-2: Ball 1-2: Foul Ball, location: 2F 1-2: Foul Ball, location: 2F 1-2: Ball 2-2: Strikes out swinging
|
Top of the 2nd over - 0 run(s), 0 hit(s), 0 error(s), 0 left on base; Madawaska Valley HS 6 - Oliver Ames HS 2 |
BOTTOM OF THE 2ND |
Oliver Ames HS Tigers batting - Pitching for Madawaska Valley HS Wolves : RHP Vincente León
|
Batting: RHB Pat Young
|
0-0: Ground out 5-3 (Groundball, 56)
|
Batting: SHB Lee Dean
|
0-0: Ball 1-0: Ball 2-0: Called Strike 2-1: Ball 3-1: Called Strike 3-2: Foul Ball, location: 2F 3-2: Base on Balls
|
Batting: RHB Quentin Underwood
|
0-0: Fielders Choice at 2nd, 2-6 (Groundball, 2R)
|
Batting: RHB Earl Frank
|
0-0: Swinging Strike 0-1: Ball 1-1: Called Strike 1-2: Foul Ball, location: 2F 1-2: Foul Ball, location: 2F 1-2: Foul Ball, location: 2F 1-2: Ball 2-2: Foul Ball, location: 2F 2-2: Fly out, F4 (Popup, 4D)
|
Bottom of the 2nd over - 0 run(s), 0 hit(s), 0 error(s), 1 left on base; Madawaska Valley HS 6 - Oliver Ames HS 2 |
TOP OF THE 3RD |
Madawaska Valley HS Wolves batting - Pitching for Oliver Ames HS Tigers : LHP Emílio Jiménez
|
Batting: LHB Marv Gardner
|
0-0: Swinging Strike 0-1: Called Strike 0-2: Ball 1-2: Strikes out swinging
|
Batting: RHB Enrique Navarro
|
0-0: Ground out 2-3 (Groundball, 2R)
|
Batting: RHB David Simmons
|
0-0: Ball 1-0: Foul Ball, location: 2F 1-1: Ball 2-1: Ball 3-1: Base on Balls
|
Batting: RHB Weldon Lott
|
0-0: Called Strike 0-1: Foul Ball, location: 2F 0-2: Strikes out swinging
|
Top of the 3rd over - 0 run(s), 0 hit(s), 0 error(s), 1 left on base; Madawaska Valley HS 6 - Oliver Ames HS 2 |
BOTTOM OF THE 3RD |
Oliver Ames HS Tigers batting - Pitching for Madawaska Valley HS Wolves : RHP Vincente León
|
Batting: SHB Chris Barrett
|
0-0: Ball 1-0: Fly out, F3 (Popup, 23F)
|
Batting: SHB David Castaneda
|
0-0: Foul Ball, location: 2F 0-1: Ground out 4-3 (Groundball, 4)
|
Batting: RHB River Hall
|
0-0: Ground out 6-3 (Groundball, 6)
|
Bottom of the 3rd over - 0 run(s), 0 hit(s), 0 error(s), 0 left on base; Madawaska Valley HS 6 - Oliver Ames HS 2 |
TOP OF THE 4TH |
Madawaska Valley HS Wolves batting - Pitching for Oliver Ames HS Tigers : LHP Emílio Jiménez
|
Batting: LHB Bob Campbell
|
0-0: SINGLE (Groundball, 6MD)
|
Batting: RHB Leo Snyder
|
0-0: Ball 1-0: Fly out, F3 (Popup, 3F)
|
Batting: SHB Artie Adams
|
0-0: Ball 1-0: Called Strike 1-1: Grounds into double play, 5-4-3 (Groundball, 56)
|
Top of the 4th over - 0 run(s), 1 hit(s), 0 error(s), 0 left on base; Madawaska Valley HS 6 - Oliver Ames HS 2 |
BOTTOM OF THE 4TH |
Oliver Ames HS Tigers batting - Pitching for Madawaska Valley HS Wolves : RHP Vincente León
|
Batting: LHB Tracy Becker
|
0-0: Called Strike 0-1: Swinging Strike 0-2: Strikes out swinging
|
Batting: LHB Jason King
|
0-0: Ground out 4-3 (Groundball, 4)
|
Batting: RHB Pat Young
|
0-0: Ball 1-0: Swinging Strike 1-1: Foul Ball, location: 2F 1-2: Strikes out swinging
|
Bottom of the 4th over - 0 run(s), 0 hit(s), 0 error(s), 0 left on base; Madawaska Valley HS 6 - Oliver Ames HS 2 |
TOP OF THE 5TH |
Madawaska Valley HS Wolves batting - Pitching for Oliver Ames HS Tigers : LHP Emílio Jiménez
|
Batting: SHB Steve Miner
|
0-0: Ball 1-0: Foul Ball, location: 2F 1-1: Ground out 6-3 (Groundball, 6)
|
Batting: RHB Adam Carpenter
|
0-0: Ball 1-0: Called Strike 1-1: Fly out, F8 (Flyball, 8LM)
|
Batting: LHB Marv Gardner
|
0-0: Ball 1-0: Ball 2-0: Called Strike 2-1: Foul Ball, location: 2F 2-2: Ball 3-2: SOLO HOME RUN (Flyball, 8RXD), Distance : 439 ft
|
Pitching: LHP Elton Wilson
|
|
Batting: RHB Enrique Navarro
|
0-0: Ball 1-0: Called Strike 1-1: Foul Ball, location: 2F 1-2: Ball 2-2: SOLO HOME RUN (Line Drive, 7D), Distance : 404 ft
|
Batting: RHB David Simmons
|
0-0: Ball 1-0: Swinging Strike 1-1: Called Strike 1-2: Strikes out swinging
|
Top of the 5th over - 2 run(s), 2 hit(s), 0 error(s), 0 left on base; Madawaska Valley HS 8 - Oliver Ames HS 2 |
BOTTOM OF THE 5TH |
Oliver Ames HS Tigers batting - Pitching for Madawaska Valley HS Wolves : RHP Vincente León
|
Batting: SHB Lee Dean
|
0-0: Ball 1-0: Foul Ball, location: 2F 1-1: Swinging Strike 1-2: Strikes out looking
|
Batting: RHB Quentin Underwood
|
0-0: Foul Ball, location: 2F 0-1: Foul Ball, location: 2F 0-2: Ball 1-2: Strikes out swinging
|
Batting: RHB Earl Frank
|
0-0: TRIPLE (Groundball, 3L)
|
Batting: SHB Chris Barrett
|
0-0: Ball 1-0: Fly out, F9 (Flyball, 9M)
|
Bottom of the 5th over - 0 run(s), 1 hit(s), 0 error(s), 1 left on base; Madawaska Valley HS 8 - Oliver Ames HS 2 |
TOP OF THE 6TH |
Madawaska Valley HS Wolves batting - Pitching for Oliver Ames HS Tigers : LHP Elton Wilson
|
Batting: RHB Weldon Lott
|
0-0: Called Strike 0-1: Ball 1-1: Reached on error, E1 (Groundball, 15)
|
Batting: LHB Bob Campbell
|
0-0: Called Strike 0-1: Fly out, F8 (Flyball, 8LM)
|
Batting: RHB Leo Snyder
|
0-0: Ball 1-0: Swinging Strike 1-1: Foul Ball, location: 2F 1-2: Strikes out looking
|
Batting: SHB Artie Adams
|
0-0: Ball 1-0: Called Strike 1-1: Foul Ball, location: 2F 1-2: Ball 2-2: Strikes out swinging
|
Top of the 6th over - 0 run(s), 0 hit(s), 1 error(s), 1 left on base; Madawaska Valley HS 8 - Oliver Ames HS 2 |
BOTTOM OF THE 6TH |
Oliver Ames HS Tigers batting - Pitching for Madawaska Valley HS Wolves : RHP Vincente León
|
Batting: SHB David Castaneda
|
0-0: Called Strike 0-1: Ball 1-1: Called Strike 1-2: Ball 2-2: Foul Ball, location: 2F 2-2: Foul Ball, location: 2F 2-2: Ball 3-2: Base on Balls
|
Batting: RHB River Hall
|
0-0: Called Strike 0-1: Called Strike 0-2: Strikes out swinging
|
Pitching: RHP Chris Brandt
|
|
Batting: LHB Tracy Becker
|
0-0: Ball 1-0: Ball David Castaneda is caught stealing 2nd base 2-0: Ball 3-0: Called Strike 3-1: Foul Ball, location: 2F 3-2: Base on Balls
|
Batting: LHB Jason King
|
0-0: Ball Tracy Becker steals 2nd base 1-0: Swinging Strike 1-1: Ball 2-1: Called Strike 2-2: Ball 3-2: Base on Balls
|
Batting: RHB Pat Young
|
0-0: Called Strike 0-1: Ball 1-1: Ball 2-1: Swinging Strike 2-2: Ball 3-2: Strikes out swinging
|
Bottom of the 6th over - 0 run(s), 0 hit(s), 0 error(s), 2 left on base; Madawaska Valley HS 8 - Oliver Ames HS 2 |
TOP OF THE 7TH |
Madawaska Valley HS Wolves batting - Pitching for Oliver Ames HS Tigers : LHP Elton Wilson
|
Batting: SHB Steve Miner
|
0-0: Ball 1-0: Ball 2-0: Swinging Strike 2-1: Foul Ball, location: 2F 2-2: Foul Ball, location: 2F 2-2: Strikes out swinging
|
Batting: RHB Adam Carpenter
|
0-0: Ball 1-0: Ground out 6-3 (Groundball, 6)
|
Batting: LHB Marv Gardner
|
0-0: Called Strike 0-1: Swinging Strike 0-2: Ball 1-2: Ball 2-2: Foul Ball, location: 2F 2-2: Foul Ball, location: 2F 2-2: Fly out, F8 (Flyball, 89D)
|
Top of the 7th over - 0 run(s), 0 hit(s), 0 error(s), 0 left on base; Madawaska Valley HS 8 - Oliver Ames HS 2 |
BOTTOM OF THE 7TH |
Oliver Ames HS Tigers batting - Pitching for Madawaska Valley HS Wolves : RHP Chris Brandt
|
Batting: SHB Lee Dean
|
0-0: Fly out, F9 (Flyball, 9M)
|
Batting: RHB Quentin Underwood
|
0-0: Ball 1-0: SINGLE (Groundball, 56D)
|
Batting: RHB Earl Frank
|
0-0: Ball 1-0: Called Strike 1-1: SINGLE (Groundball, 6M) Quentin Underwood to second
|
Batting: SHB Chris Barrett
|
0-0: Called Strike 0-1: Ball 1-1: Foul Ball, location: 2F 1-2: Foul Ball, location: 2F 1-2: Foul Ball, location: 2F 1-2: Strikes out swinging
|
Batting: SHB David Castaneda
|
0-0: Ball 1-0: Swinging Strike 1-1: Foul Ball, location: 2F 1-2: Ball 2-2: Strikes out swinging
|
Bottom of the 7th over - 0 run(s), 2 hit(s), 0 error(s), 2 left on base; Madawaska Valley HS 8 - Oliver Ames HS 2 |
TOP OF THE 8TH |
Madawaska Valley HS Wolves batting - Pitching for Oliver Ames HS Tigers : LHP Elton Wilson
|
Pitching: LHP Alex Roberts
|
|
Batting: RHB Enrique Navarro
|
0-0: Ground out 6-3 (Groundball, 6)
|
Batting: RHB David Simmons
|
0-0: Called Strike 0-1: Foul Ball, location: 2F 0-2: Strikes out swinging
|
Batting: RHB Weldon Lott
|
0-0: Called Strike 0-1: Ball 1-1: Reached on error, E6 (Groundball, 6M)
|
Batting: LHB Bob Campbell
|
0-0: Swinging Strike 0-1: Ball 1-1: Reached on error, E6 (Groundball, 6M) Weldon Lott to second
|
Batting: RHB Leo Snyder
|
0-0: Ball 1-0: Swinging Strike 1-1: Called Strike 1-2: Strikes out swinging
|
Top of the 8th over - 0 run(s), 0 hit(s), 2 error(s), 2 left on base; Madawaska Valley HS 8 - Oliver Ames HS 2 |
BOTTOM OF THE 8TH |
Oliver Ames HS Tigers batting - Pitching for Madawaska Valley HS Wolves : RHP Chris Brandt
|
Batting: RHB River Hall
|
0-0: Ball 1-0: Foul Ball, location: 2F 1-1: Swinging Strike 1-2: Foul Ball, location: 2F 1-2: Strikes out swinging
|
Pitching: RHP Terry Gray
|
|
Batting: LHB Tracy Becker
|
0-0: Foul Ball, location: 2F 0-1: SOLO HOME RUN (Flyball, 9D), Distance : 399 ft
|
Batting: LHB Jason King
|
0-0: Foul Ball, location: 2F 0-1: Ball 1-1: Ball 2-1: Swinging Strike 2-2: Ball 3-2: Foul Ball, location: 2F 3-2: Foul Ball, location: 2F 3-2: Foul Ball, location: 2F 3-2: Base on Balls
|
Batting: RHB Pat Young
|
0-0: Foul Ball, location: 2F 0-1: Grounds into double play, U6-3 (Groundball, 6M)
|
Bottom of the 8th over - 1 run(s), 1 hit(s), 0 error(s), 0 left on base; Madawaska Valley HS 8 - Oliver Ames HS 3 |
TOP OF THE 9TH |
Madawaska Valley HS Wolves batting - Pitching for Oliver Ames HS Tigers : LHP Alex Roberts
|
Batting: SHB Artie Adams
|
0-0: Ball 1-0: Ground out 1-3 (Groundball, 13S)
|
Batting: SHB Steve Miner
|
0-0: Foul Ball, location: 2F 0-1: Called Strike 0-2: Ball 1-2: Ball 2-2: Strikes out looking
|
Batting: RHB Adam Carpenter
|
Error on foul ball, E7 0-1: Ground out 6-3 (Groundball, 6S)
|
Top of the 9th over - 0 run(s), 0 hit(s), 1 error(s), 0 left on base; Madawaska Valley HS 8 - Oliver Ames HS 3 |
BOTTOM OF THE 9TH |
Oliver Ames HS Tigers batting - Pitching for Madawaska Valley HS Wolves : RHP Terry Gray
|
Batting: SHB Lee Dean
|
0-0: Called Strike 0-1: Ground out 1-3 (Groundball, 15)
|
Batting: RHB Quentin Underwood
|
0-0: Foul Ball, location: 2F 0-1: Ball 1-1: Foul Ball, location: 2F 1-2: SINGLE (Line Drive, 6M)
|
Batting: RHB Earl Frank
|
0-0: Ball 1-0: Ball 2-0: Called Strike 2-1: Foul Ball, location: 2F 2-2: Ball 3-2: Base on Balls Quentin Underwood to second
|
Batting: SHB Chris Barrett
|
0-0: Called Strike 0-1: Swinging Strike 0-2: Ball 1-2: Ball 2-2: Strikes out swinging
|
Batting: SHB David Castaneda
|
0-0: Swinging Strike 0-1: Ball 1-1: SINGLE (Flyball, 89S) Quentin Underwood to third Earl Frank to second Runner from 3rd tries for Home, SAFE, no throw or cutoff
|
Pitching: LHP Juan Olivo
|
|
Batting: RHB River Hall
|
0-0: Ball 1-0: Called Strike 1-1: Ball 2-1: Foul Ball, location: 2F 2-2: Ball 3-2: Foul Ball, location: 2F 3-2: Base on Balls Earl Frank to third David Castaneda to second
|
Batting: LHB Tracy Becker
|
0-0: Ball 1-0: Ball 2-0: Called Strike 2-1: Fly out, F9 (Flyball, 89M)
|
Bottom of the 9th over - 1 run(s), 2 hit(s), 0 error(s), 3 left on base; Madawaska Valley HS 8 - Oliver Ames HS 4 |
|